 Dungeon Crawl Stone Soup version 0.30-a0-4-ga7cffc901d (webtiles) character file.

Game seed: 16493771806925843373

118 porpoise the Slasher (level 5, 0/46 HPs)
             Began as a Hill Orc Warper on Aug 22, 2022.
             Slain by a goblin
             ... wielding a +0 dagger
             ... led by Robin
              (1 damage)
             ... on level 3 of the Dungeon.
             The game lasted 00:07:20 (2189 turns).

porpoise the Slasher (Hill Orc Warper)              Turns: 2189, Time: 00:07:20

Health: 0/46       AC:  6    Str: 14    XL:     5   Next: 2%
Magic:  7/7        EV: 10    Int: 13    God:
Gold:   77         SH:  0    Dex: 12    Spells: 7/7 levels left

rFire   . . .      SeeInvis .    a - +0 long sword
rCold   . . .      Faith    .    (no shield)
rNeg    . . .      Spirit   .    r - +1 ring mail
rPois   .          Reflect  .    (no helmet)
rElec   .          Harm     .    (no cloak)
rCorr   .          Rampage  .    (no gloves)
Will    .....                    (no boots)
Stlth   +.........               m - amulet of the acrobat
HPRegen 0.15/turn                (no ring)
MPRegen 0.10/turn                (no ring)

@: no status effects
A: no striking features
a: no special abilities


You were on level 3 of the Dungeon.
You visited 1 branch of the dungeon, and saw 3 of its levels.

You collected 143 gold pieces.
You spent 66 gold pieces at shops.

Inventory:

Hand Weapons
 a - a +0 long sword (weapon)
Missiles
 d - 7 boomerangs of dispersal (quivered)
 s - 4 javelins
Armour
 p - a scarf of harm
 r - a +1 ring mail (worn)
Magical Staves
 g - a staff of earth
 v - a staff of death
Jewellery
 m - an amulet of the acrobat (around neck)
Scrolls
 c - 2 scrolls of blinking
 f - a scroll of magic mapping {unknown}
 h - 3 scrolls of fear
 i - a scroll of enchant armour
 k - a scroll of silence {unknown}
 o - a scroll of amnesia {unknown}
 q - a scroll of summoning {unknown}
 x - a scroll of teleportation {unknown}
Potions
 b - a potion of brilliance {unknown}
 j - 2 potions of attraction
 l - a potion of degeneration {unknown}
 n - a potion of might
 t - a potion of lignification {unknown}
 u - a potion of ambrosia {unknown}
 w - 3 potions of heal wounds {unknown}


   Skills:
 + Level 4.0 Fighting
 * Level 4.6 Long Blades
 - Level 0.8 Throwing
 - Level 1.1 Armour
 - Level 1.5 Dodging
 - Level 1.5 Spellcasting
 - Level 2.4 Translocations


You had 7 spell levels left.
You didn't know any spells.
Your spell library contained the following spells:

 Spells                   Type           Power      Damage    Failure   Level
 Blink                    Tloc           14%        N/A       30%         2
 Foxfire                  Conj/Fire      4%         2x1d4     50%         1
 Gell's Gravitas          Tloc           7%         N/A       52%         3
 Lesser Beckoning         Tloc           7%         N/A       52%         3
 Teleport Other           Tloc           7%         N/A       52%         3
 Ensorcelled Hibernation  Hex/Ice        2%         N/A       63%         2
 Passwall                 Tmut/Erth      0%         N/A       63%         2
 Portal Projectile        Hex/Tloc       8%         N/A       69%         3
 Call Canine Familiar     Summ           1%         N/A       86%         3
 Conjure Flame            Conj/Fire      1%         6-21      86%         3
 Dazzling Flash           Conj/Hex       2%         N/A       86%         3
 Inner Flame              Hex/Fire       1%         N/A       86%         3
 Summon Guardian Golem    Hex/Summ       1%         N/A       86%         3
 Swiftness                Air            1%         N/A       86%         3
 Animate Dead             Necr           1%         N/A       99%         4
 Flame Wave               Conj/Fire      1%         2d4       99%         4
 Leda's Liquefaction      Hex/Erth       0%         N/A       99%         4
 Manifold Assault         Tloc           7%         N/A       99%         5
 Agony                    Necr           1%         N/A       100%        5
 Borgnjor's Vile Clutch   Necr/Erth      0%         N/A       100%        5
 Silence                  Hex/Air        0%         N/A       100%        5
 Death Channel            Necr           0%         N/A       100%        6
 Orb of Destruction       Conj           0%         9d5       100%        7
 Spellforged Servitor     Conj/Summ      0%         N/A       100%        7


Dungeon Overview and Level Annotations

Branches:
Dungeon (3/15)

Altars:

Shops:
D:1 *=


Message History

You feel better. Robin completely misses you.
The goblin hits you with a +0 club.
* * * LOW HITPOINT WARNING * * *
The goblin hits you with a +0 dagger.
* * * LOW HITPOINT WARNING * * *
Press: ? - help, v - describe, . - travel, g - get item
Here: Robin, wielding a +2 short sword of venom, wearing a +0 animal skin and wearing a +0 helmet (heavily wounded)
Items here: ))) †††.
The floor, spattered with blood.
Unknown command.
You slash Robin!
Robin is almost dead.
Robin hits you but does no damage. The goblin hits you with a +0 club.
* * * LOW HITPOINT WARNING * * *
The goblin hits you but does no damage.
You barely miss Robin.
Robin is almost dead.
The goblin no longer looks unusually strong.
Robin hits you with a +2 short sword of venom.
* * * LOW HITPOINT WARNING * * *
You are lethally poisoned!
The goblin barely misses you. The goblin hits you but does no damage.
You feel better. The goblin barely misses you. Robin closely misses you.
The goblin hits you but does no damage.
You hit Robin.
You kill Robin!
The goblin hits you with a +0 club.
* * * LOW HITPOINT WARNING * * *
The goblin hits you with a +0 dagger.
* * * LOW HITPOINT WARNING * * *
The goblin hits you with a +0 dagger.
* * * LOW HITPOINT WARNING * * *
The goblin barely misses you.
Your Fighting skill increases to level 4!
You have reached level 5!
You feel stronger.
Okay, then.
Unknown command.
You closely miss the goblin. The goblin hits you with a +0 dagger.
You die...

##.#...####
##........+ ..
#..†...#### ..
#..##..# .# #...##.#
.# #.#.# .# .# #.#.#
.# #+# .# #.#.##.#
##.##.###.## #......#
#.g@)....... ###.####
#.g#####..##
#.##########.....##
#.##..............#
#.##.#######.........
#.##.# #......#.#
#....# #........#
###### ##########


You could see 2 goblins.

Vanquished Creatures
  A hound (D:3)
  Terence (D:3)
  Robin (D:3)
  An adder (D:2)
  A worm (D:3)
  4 endoplasms
  A giant cockroach (D:2)
  7 goblins
  7 hobgoblins
  6 kobolds
  2 quokkas (D:1)
  6 ball pythons
  2 bats (D:1)
  3 rats
43 creatures vanquished.

Notes
Turn   | Place    | Note
-------+----------+-------------------------------------------
     0 | D:1      | porpoise the Hill Orc Warper began the quest for the Orb.
     0 | D:1      | Reached XP level 1. HP: 18/18 MP: 3/3
   156 | D:1      | Found Upraam's One-of-a-Kind Rings.
   207 | D:1      | Found a faded altar of an unknown god.
   379 | D:1      | Found Waasol Kyexu's Assorted Antiques.
   400 | D:1      | Bought a lumpy sapphire potion for 16 gold pieces
   400 | D:1      | Bought a grey potion for 16 gold pieces
   409 | D:1      | Bought a sedimented black potion for 16 gold pieces
   474 | D:1      | Reached XP level 2. HP: 20/25 MP: 4/4
   927 | D:1      | Bought a scroll labelled KAL HOAWYINAMOKK for 18 gold
                  | pieces
  1249 | D:2      | Reached XP level 3. HP: 31/31 MP: 5/5
  1770 | D:3      | Reached XP level 4. HP: 37/39 MP: 6/6
  1882 | D:3      | Noticed Terence
  1887 | D:3      | Killed Terence
  2164 | D:3      | Noticed Robin
  2186 | D:3      | HP: 2/40 [Robin/+2 short sword of venom (5)]
  2188 | D:3      | Killed Robin
  2189 | D:3      | Reached XP level 5. HP: 1/46 MP: 7/7
  2189 | D:3      | Slain by a goblin

Illustrated notes

Levels and vault maps discovered:
D:1:      amcnicky_arrival_double_pillar, layout_rooms,
          shapermc_ecumenical_altar_notcrosses, serial_shops,
          nicolae_shop_overgrown_old_shop, serial_bayou_lagoon_a,
          nicolae_shop_unique_rings
D:2:      layout_basic
D:3:      layout_loops_corners, uniq_terence, uniq_robin

Skill      XL: |  1  2  3  4 |
---------------+-------------+-----
Long Blades    | 3 4 |  4.6
Fighting       | 3 4 |  4.0
Throwing       | |  0.8
Armour         | |  1.1
Dodging        | |  1.5
Spellcasting   | |  1.5
Translocations | |  2.4

Action                   |  1- 3 |  4- 6 || total
-------------------------+-------+-------++-------
Melee: Falchion          |    69 |       ||    69
       Long sword        |    31 |    36 ||    67
  Use: Scroll            |     4 |       ||     4
       Potion            |       |     3 ||     3
Armor: Leather armour    |    12 |       ||    12
       Ring mail         |    17 |    22 ||    39
Dodge: Dodged            |    64 |    31 ||    95

Table legend: (Time is in decaauts)
 A = Elapsed time spent in this place.
 B = Non-inter-level travel time spent in this place.
 C = Inter-level travel time spent in this place.
 D = Time resting spent in this place.
 E = Time spent auto-exploring this place.
 F = Levels seen in this place.
 G = Mean time per level.
                   A        B        C        D        E       F      G
               +--------+--------+--------+--------+--------+-----+--------+
         Total |   2219 |   2131 |     88 |    586 |   1126 |   3 |  739.7 |
       Dungeon |   2219 |   2131 |     88 |    586 |   1126 |   3 |  739.7 |
               +--------+--------+--------+--------+--------+-----+--------+

Top non-repeatable levels by time:
     D:1: 952 daAuts
     D:2: 716 daAuts
     D:3: 549 daAuts
